General information
			
			
        
        - name: BNet
 
        - type: Ladder 1vs1/FFA
 
        - host: Battle.net
 
        - saver: Xeom
 
        
map: TirisfalGlades 
        - players: 2
 
        - length: 10:00
 
        - speed: Fast
 - version: 1.22 W3XP
 - replay type:  Public
 
» download(28 KB)
Players
        team 1 (loser) 
              
              
Xeom (
green | 33 APM | 326 actions | 10:00)
              
 2 Blademaster 
 1 Wind Walk
 1 Critical Strike
 
                » actions 
                
                | Basic commands | 12 |  | 
| Build / train | 23 |  | 
| Enter build submenu | 11 |  | 
| Enter hero's abilities submenu | 2 |  | 
| Right click | 120 |  | 
| Select / deselect | 132 |  | 
| Use ability | 26 |  | 
                326 total
 » units 
                » upgrades
                
                | Armor | 2 |  | 
| Melee Weapons | 1 |  | 
| Berserker Strength | 1 |  | 
                4 total
 » buildings
                
                | Altar of Storms | 1 |  | 
| Orc Burrow | 4 |  | 
| Barracks | 1 |  | 
| War Mill | 2 |  | 
| Voodoo Lounge | 1 |  | 
| Stronghold | 1 |  | 
| Watch Tower | 1 |  | 
                11 total
 » build order
                00:06 Altar of Storms
00:08 Orc Burrow
01:02 Barracks
01:47 Orc Burrow
02:22 War Mill
04:24 War Mill
04:43 Orc Burrow
04:53 Voodoo Lounge
06:12 Stronghold
06:15 Watch Tower
06:53 Orc Burrow
 
               team 2 (winner) 
              
              
no.jin (
orange | 93 APM | 929 actions | 10:00)
              
 3 Blademaster 
 1 Wind Walk
 2 Critical Strike
 2 Shadow Hunter 
 1 Hex
 1 Healing Wave
 
                » actions 
                
                | Assign group hotkey | 23 |  | 
| Basic commands | 90 |  | 
| Build / train | 35 |  | 
| Enter build submenu | 10 |  | 
| Enter hero's abilities submenu | 5 |  | 
| Right click | 305 |  | 
| Select / deselect | 203 |  | 
| Select group hotkey | 219 |  | 
| Use ability | 39 |  | 
                929 total
 » units 
                
                | Peon | 7 |  | 
| Grunt | 5 |  | 
| Raider | 5 |  | 
| Spirit Walker | 1 |  | 
| Demolisher | 1 |  | 
                19 total
 » upgrades
                » buildings
                
                | Altar of Storms | 1 |  | 
| Orc Burrow | 4 |  | 
| Barracks | 1 |  | 
| Stronghold | 1 |  | 
| Voodoo Lounge | 1 |  | 
| War Mill | 1 |  | 
| Beastiary | 1 |  | 
| Spirit Lodge | 1 |  | 
                11 total
 » build order
                00:08 Altar of Storms
00:21 Orc Burrow
00:36 Barracks
01:31 Orc Burrow
02:42 Stronghold
03:19 Voodoo Lounge
03:28 Orc Burrow
04:57 War Mill
05:12 Beastiary
05:35 Spirit Lodge
09:11 Orc Burrow
» items
                
                | Lesser Clarity Potion | 2 |  | 
| Healing Salve | 2 |  | 
| Potion of Healing | 1 |  | 
| Scroll of Speed | 1 |  | 
                6 total
  
                Chat log
          
(01:53 / All) no.jin: stats
(01:57 / All) no.jin: Oo
(01:59 / All) Xeom: ?
(09:41 / All) Xeom: gg
(09:49 / All) no.jin: gg
(09:54 / All) Xeom: i just reinstalled so really sucky :V